 Dungeon Sprint DCSS version 0.30-a0-930-gb9d0489357 (webtiles) character file.

Game seed: 3091010798914300475

1252 testman the Fighter (level 8, -6/73 HPs)
             Began as a Demonspawn Gladiator on Mar 23, 2023.
             Was an Elder of Uskayaw.
             Mangled by a gargoyle
             ... wielding a +0 mace
              (13 damage)
             ... in the Dungeon (Sprint IX: "|||||||||||||||||||||||||||||").
             The game lasted 00:07:27 (471 turns).

testman the Fighter (Demonspawn Gladiator)           Turns: 471, Time: 00:07:29

Health: -6/73      AC: 15    Str: 19    XL:     8   Next: 26%
Magic:  14/15      EV: 14    Int: 11    God:    Uskayaw [****..]
Gold:   0          SH:  4    Dex: 16    Spells: 7/7 levels left

rFire   . . .      SeeInvis .      - Unarmed
rCold   . . .      Faith    .    (no shield)
rNeg    . . .      Spirit   .    o - +2 ring mail
rPois   .          Reflect  .    c - +0 helmet
rElec   .          Rampage  .    (no cloak)
rCorr   .          NoTele   +    (no gloves)
Will    .....                    n - +0 pair of boots
Stlth   ++                       (no amulet)
HPRegen 0.32/turn                p - +3 ring of strength
MPRegen 0.14/turn                q - +2 ring of evasion

@: no status effects
A: claws 1, thin skeletal structure 1, demonic guardian 1, icemail 1,
condensation shield
a: Renounce Religion, Stomp, Line Pass


You were in the Dungeon.
You worshipped Uskayaw.
Uskayaw was aware of your devotion.
You visited 1 branch

Inventory:

Hand Weapons
 a - a +0 rapier
Missiles
 d - 2 throwing nets (quivered)
 e - a javelin
Armour
 c - a +0 helmet (worn)
 g - a +0 plate armour
 n - a +0 pair of boots (worn)
 o - a +2 ring mail (worn)
Jewellery
 p - a +3 ring of strength (left claw)
 q - a +2 ring of evasion (right claw)
Wands
 m - a wand of light (10)
Scrolls
 k - 2 scrolls of blinking
 l - 2 scrolls of amnesia
Potions
 f - 5 potions of curing
 h - a potion of haste
 i - 4 potions of magic
 j - a potion of invisibility


   Skills:
 + Level 10.4 Fighting
 - Level 3.5 Short Blades
 - Level 2.8 Throwing
 + Level 6.9 Armour
 - Level 3.5 Dodging
 * Level 9.1 Unarmed Combat
 + Level 9.9 Invocations


You had 7 spell levels left.
You didn't know any spells.
Your spell library was empty.

Dungeon Overview and Level Annotations

Branches:
Dungeon (1/1)

Altars:
Cheibriados
Dithmenos
Fedhas
Gozag
Hepliaklqana
Kikubaaqudgha
Makhleb
Nemelex Xobeh
Okawaru
Qazlal
Ru
Sif Muna
Trog
Uskayaw
Vehumet
Wu Jian
Xom
Yredelemnul
Jiyva
Lugonu


Innate Abilities, Weirdness & Mutations

You have sharp fingernails.
You have a somewhat thin skeletal structure. (Dex +2, Stealth+)
A weak demonic guardian rushes to your aid.
A meltable icy envelope protects you from harm. (AC +4)
A meltable shield of frost defends you. (SH +4)


Message History

The kobold demonologist casts a spell.
Send 'em back where they came from!
Your iron imp shudders.
Uskayaw will force your foes to share their pain.
Uskayaw links your audience in an emotional bond!
You scratch something but do no damage.
Your iron imp disappears in a puff of smoke!
Something hits you.
* * * LOW HITPOINT WARNING * * *
You completely miss something. Something hits you.
* * * LOW HITPOINT WARNING * * *
Something hits you.
* * * LOW HITPOINT WARNING * * *
The gargoyle hurls a stone arrow at you.
The stone arrow hits something!!
The kobold demonologist casts a spell.
You claw something!
Reactivating autopickup.
You feel a bit more experienced.
Your Unarmed Combat skill increases to level 9!
Okay, then.
Okay, then.
You scratch the gargoyle but do no damage.
The gargoyle is lightly damaged.
The quasit is no longer sharing its pain.
The gargoyle hits you with a +0 mace.
* * * LOW HITPOINT WARNING * * *
The kobold demonologist mumbles some strange words.
You barely miss the gargoyle.
The gargoyle is lightly damaged.
The gargoyle hits you with a +0 mace!
* * * LOW HITPOINT WARNING * * *
You barely miss the gargoyle.
You claw the gargoyle, but do no damage.
The gargoyle is lightly damaged.
The kobold demonologist is no longer sharing its pain.
The five-headed hydra is no longer sharing its pain.
The kobold demonologist casts a spell.
The gargoyle hits you with a +0 mace!
You die... ▓▓▓▓▓▓▓▓▓▓▓▓▓▓▓▓▓▓▓▓▓▓▓▓ +5K5DH9@.))..['....[.).. ▓▓▓▓▓▓▓▓▓▓▓▓▓▓▓▓▓▓▓▓▓▓▓▓

You could see a five-headed hydra, a manticore (pain bonded), a kobold demonologist, a gargoyle (pain bonded), an iron imp (summoned) and a quasit (summoned).

Vanquished Creatures
  A cyclops (D)
  An unseen horror (D)
  2 yaks (D)
  An acid dragon (D)
  2 orc warriors (D)
  An ice beast (D)
  A centaur (D)
  A hound (D)
  A gnoll (D)
  An adder (D)
  An ufetubus (D)
  2 dart slugs (D)
  A goblin (D)
  A quokka (D)
  A kobold (D)
18 creatures vanquished.

Notes
Turn   | Place    | Note
-------+----------+-------------------------------------------
     0 | D        | testman the Demonspawn Gladiator began the quest for the
                  | Orb.
     0 | D        | Reached XP level 1. HP: 16/16 MP: 1/1
    34 | D        | Reached skill level 3 in Fighting
    34 | D        | Gained mutation: You have sharp fingernails. [demonic
                  | ancestry]
    34 | D        | Reached XP level 2. HP: 4/24 MP: 2/2
   118 | D        | Noticed an ice beast
   128 | D        | Reached skill level 1 in Unarmed Combat
   128 | D        | Reached XP level 3. HP: 30/30 MP: 3/3
   133 | D        | Killed an ice beast
   134 | D        | Reached skill level 6 in Fighting
   134 | D        | Gained mutation: A weak demonic guardian rushes to your
                  | aid. [demonic ancestry]
   134 | D        | Reached XP level 4. HP: 41/41 MP: 4/4
   138 | D        | Reached skill level 5 in Unarmed Combat
   138 | D        | Gained mutation: A meltable shield of frost defends you.
                  | (SH +4) [demonic ancestry]
   138 | D        | Reached XP level 5. HP: 47/47 MP: 5/5
   145 | D        | Reached skill level 7 in Fighting
   193 | D        | Found a snail-covered altar of Cheibriados.
   193 | D        | Found a shadowy altar of Dithmenos.
   193 | D        | Found a blossoming altar of Fedhas.
   193 | D        | Found an opulent altar of Gozag.
   194 | D        | Found a hazy altar of Hepliaklqana.
   195 | D        | Found a viscous altar of Jiyva.
   196 | D        | Found an ancient bone altar of Kikubaaqudgha.
   197 | D        | Found a corrupted altar of Lugonu.
   198 | D        | Found a burning altar of Makhleb.
   199 | D        | Found a sparkling altar of Nemelex Xobeh.
   200 | D        | Found an iron altar of Okawaru.
   201 | D        | Found a stormy altar of Qazlal.
   202 | D        | Found a sacrificial altar of Ru.
   203 | D        | Found a shimmering blue altar of Sif Muna.
   204 | D        | Found a bloodstained altar of Trog.
   205 | D        | Found a hide-covered altar of Uskayaw.
   206 | D        | Found a radiant altar of Vehumet.
   207 | D        | Found an ornate altar of the Wu Jian Council.
   208 | D        | Found a shimmering altar of Xom.
   209 | D        | Found a basalt altar of Yredelemnul.
   213 | D        | Became a worshipper of Uskayaw the Reveller
   253 | D        | Noticed a centaur
   253 | D        | Noticed an acid dragon
   253 | D        | Noticed a yak
   253 | D        | Noticed an orc warrior
   253 | D        | Noticed an orc warrior
   253 | D        | Noticed a yak
   255 | D        | Reached * piety under Uskayaw
   258 | D        | Reached ** piety under Uskayaw
   261 | D        | Killed a yak
   262 | D        | Reached skill level 8 in Fighting
   262 | D        | Reached XP level 6. HP: 24/56 MP: 5/9
   264 | D        | Reached *** piety under Uskayaw
   267 | D        | Reached **** piety under Uskayaw
   269 | D        | Killed an orc warrior
   296 | D        | Killed an acid dragon
   298 | D        | Reached skill level 9 in Fighting
   298 | D        | Reached skill level 5 in Armour
   298 | D        | Gained mutation: A meltable icy envelope protects you from
                  | harm. (AC +4) [demonic ancestry]
   298 | D        | Reached XP level 7. HP: 10/64 MP: 4/12
   302 | D        | Killed a yak
   454 | D        | Noticed a kobold demonologist
   454 | D        | Noticed a five-headed hydra
   454 | D        | Noticed a manticore
   454 | D        | Noticed a gargoyle
   454 | D        | Noticed a cyclops
   459 | D        | Killed a cyclops
   460 | D        | Reached skill level 10 in Fighting
   460 | D        | Gained mutation: You have a somewhat thin skeletal
                  | structure. (Dex +2, Stealth+) [demonic ancestry]
   460 | D        | Reached XP level 8. HP: 51/73 MP: 13/15
   468 | D        | Killed an unseen horror
   471 | D        | Mangled by a gargoyle

Illustrated notes

Levels and vault maps discovered:
D:        linesprint [early_d, line_temple, items_1, d_10, items_2, lair_1,
          lair_end, items_3, orc_1, orc_end, items_4, d_15, swamp_1, shoals_1,
          snake_1, spider_1, d_20, vaults_1, items_5, swamp_end, shoals_end,
          snake_end, spider_end, vaults_end, d_27, items_6, zot_1, zot_end,
          crypt_end, forest_end, elf_end, slime_end, tomb_end, abyss_end,
          pan_hell_end]

Skill      XL: |  1  2  3  4  5  6  7  8 |
---------------+-------------------------+-----
Throwing       | 2 |  2.8
Short Blades   | 3 |  3.5
Dodging        | 3 |  3.5
Fighting       | 3 6 8 9 10 | 10.4
Unarmed Combat | 1 4 5 6 7 8 9 |  9.1
Armour         | 3 5 6 |  6.9
Invocations    | 4 7 9 |  9.9

Action                     |  1- 3 |  4- 6 |  7- 9 || total
---------------------------+-------+-------+-------++-------
  Melee: Rapier            |    43 |    11 |       ||    54
         Unarmed           |       |    27 |    24 ||    51
         Punch             |       |     2 |     3 ||     5
  Throw: Throwing net      |       |     1 |       ||     1
 Invoke: Line Pass         |       |     1 |       ||     1
    Use: Potion            |     1 |     2 |     1 ||     4
   Stab: Held in net/web   |       |     2 |       ||     2
         Paralysed         |       |     1 |     1 ||     2
 Armour: Leather armour    |     4 |     5 |       ||     9
         Ring mail         |       |     3 |     6 ||     9
  Dodge: Dodged            |    22 |    32 |     4 ||    58
  Block: Other             |       |     8 |     2 ||    10

Table legend: (Time is in decaauts)
 A = Elapsed time spent in this place.
 B = Non-inter-level travel time spent in this place.
 C = Inter-level travel time spent in this place.
 D = Time resting spent in this place.
 E = Time spent auto-exploring this place.
 F = Levels seen in this place.
 G = Mean time per level.
                   A        B        C        D        E       F      G
               +--------+--------+--------+--------+--------+-----+--------+
         Total |    468 |    468 |      0 |    229 |      0 |   1 |  468.0 |
       Dungeon |    468 |    468 |      0 |    229 |      0 |   1 |  468.0 |
               +--------+--------+--------+--------+--------+-----+--------+

Top non-repeatable levels by time:
       D: 468 daAuts
